 Dungeon Crawl Stone Soup version 0.26-a0-597-gb535b0901c (webtiles) character file.

Game seed: 9441843113503866810

146637 Borgoz the Peltast (level 17, -1/115 HPs)
             Began as a Gargoyle Fighter on Sept 15, 2020.
             Was the Champion of Ashenzari.
             Slain by a tentacle (11 damage)
             ... attached to a kraken
             ... on level 3 of the Shoals.
             The game lasted 01:32:41 (35830 turns).

Borgoz the Peltast (Gargoyle Fighter)              Turns: 35830, Time: 01:32:42

Health: -1/115     AC: 43    Str: 23    XL:     17   Next: 45%
Magic:  26/26      EV: 18    Int: 12    God:    Ashenzari [******]
Gold:   3837       SH:  0    Dex: 22    Spells: 16/16 levels left

rFire    + + +     SeeInvis +   a - +7 flail (flame) (curse)
rCold    + . .     Faith    .   c - +0 kite shield
rNeg     + + +     Spirit   .   z - +3 chain mail {rF+} (curse)
rPois    ∞         Reflect  .   O - +2 helmet {Int+3} (curse)
rElec    +         Harm     .   t - +1 cloak {rF+} (curse)
rCorr    .         Clarity  +   j - +1 pair of gloves
MR       +....                  B - +1 pair of boots of Rahof {rN++}
Stlth    ..........             m - amulet of Aklucoll {RegenMP rF+ MP+9 Dex+3}
HPRegen  0.29/turn              M - ring "Jiuviso" {+Blink rPois rF+ rC+ EV+4}
MPRegen  0.45/turn              W - +6 ring of dexterity

@: confused, mighty, flying
A: big wings, negative energy resistance 1, electricity resistance, unbreathing,
petrification resistance, rot immunity, AC +12
a: Stop Flying, Curse Item, Scrying, Transfer Knowledge, Renounce Religion,
Evoke Blink


You were on level 3 of the Shoals.
You worshipped Ashenzari.
Ashenzari was exalted by your worship.
You visited 5 branches of the dungeon, and saw 27 of its levels.
You also visited: Ice Cave and Volcano.

You collected 4417 gold pieces.
You spent 580 gold pieces at shops.

Inventory:

Hand Weapons
 a - a cursed +7 flail of flaming (weapon)
Armour
 b - a +2 chain mail of cold resistance
 c - a +0 kite shield (worn)
 j - a +1 pair of gloves (worn)
 t - a cursed +1 cloak of fire resistance (worn)
 z - a cursed +3 chain mail of fire resistance (worn)
 B - the +1 pair of boots of Rahof (worn) {rN++}
   (You found it on level 12 of the Dungeon)

   It greatly protects you from negative energy.
 O - a cursed +2 helmet of intelligence (worn)
Jewellery
 m - the amulet of Aklucoll (around neck) {RegenMP rF+ MP+9 Dex+3}
   (You found it in an ice cave)

   [amulet of magic regeneration]

   It increases your magic regeneration.
   It affects your dexterity (+3).
   It protects you from fire.
   It affects your magic capacity (+9).
 o - an uncursed amulet of guardian spirit
 s - an uncursed ring of protection from fire
 J - the ring of Jiollecs {+Fly Str+5 Dex-5}
   (You found it on level 2 of the Lair of Beasts)

   [ring of flight]

   It affects your strength (+5).
   It affects your dexterity (-5).
   It lets you fly.
 M - the ring "Jiuviso" (left hand) {+Blink rPois rF+ rC+ EV+4}
   (You found it on level 10 of the Dungeon)

   [ring of evasion]

   It affects your evasion (+4).
   It protects you from fire.
   It protects you from cold.
   It protects you from poison.
   It lets you blink.
 S - the ring "Torusk" {MR++ EV+4 Int+4 Stlth-}
   (You found it on level 12 of the Dungeon)

   [ring of evasion]

   It affects your evasion (+4).
   It affects your intelligence (+4).
   It affects your resistance to hostile enchantments.
   It makes you less stealthy.
 W - a +6 ring of dexterity (right hand)
 Y - a +4 ring of slaying
Wands
 A - a wand of digging (6)
 E - a wand of paralysis (10)
 P - a wand of iceblast (18)
 U - a wand of acid (9)
Scrolls
 f - 3 scrolls of identify
 h - 5 scrolls of teleportation
 k - 7 scrolls of fog
 l - a scroll of brand weapon
 q - 2 scrolls of blinking
 I - 2 scrolls of remove curse
 K - 3 scrolls of magic mapping
Potions
 d - a potion of ambrosia
 e - 2 potions of might
 g - a potion of mutation
 i - 3 potions of haste
 n - a potion of brilliance
 r - a potion of lignification
 C - 2 potions of resistance
 D - 10 potions of curing


   Skills:
 * Level 15.9 Fighting
 * Level 14.7(18.7) Maces & Flails
 * Level 15.6(19.5) Armour
 + Level 7.0 Dodging
 * Level 15.9 Shields
 - Level 5.1 Evocations


You had 16 spell levels left.
You didn't know any spells.
Your spell library contained the following spells:

 Spells                   Type           Power        Failure   Level
 Apportation              Tloc           #.....       75%         1
 Freeze                   Ice            #...         75%         1
 Magic Dart               Conj           #...         75%         1
 Summon Small Mammal      Summ           #...         75%         1
 Call Imp                 Summ           #.......     87%         2
 Poisonous Vapours        Pois/Air       #.....       87%         2
 Searing Ray              Conj           #.....       87%         2
 Call Canine Familiar     Summ           #.......     98%         3
 Conjure Flame            Conj/Fire      #.......     98%         3
 Dazzling Flash           Conj/Hex       #.....       98%         3
 Lesser Beckoning         Tloc           #.........   98%         3
 Mephitic Cloud           Conj/Pois/Air  #.......     98%         3
 Ozocubu's Armour         Ice            #.......     98%         3
 Summon Guardian Golem    Hex/Summ       #.......     98%         3
 Tukima's Dance           Hex            #.......     98%         3
 Fulminant Prism          Conj/Hex       #.........   100%        4
 Iskenderun's Mystic Bla  Conj/Tloc      #.......     100%        4
 Summon Ice Beast         Ice/Summ       #.......     100%        4
 Summon Lightning Spire   Summ/Air       #.......     100%        4
 Alistair's Intoxication  Tmut/Pois      #........    100%        5
 Bolt of Magma            Conj/Fire/Erth #.........   100%        5
 Irradiate                Conj/Tmut      #.........   100%        5
 Iskenderun's Battlesphe  Conj           #.......     100%        5
 Freezing Cloud           Conj/Ice/Air   #.........   100%        6
 Hydra Form               Tmut           #.........   100%        6
 Invisibility             Hex            #.......     100%        6
 Iron Shot                Conj/Erth      #.........   100%        6
 Simulacrum               Ice/Necr       #.........   100%        6
 Dragon Form              Tmut           #.........   100%        7
 Orb of Destruction       Conj           #.........   100%        7
 Spellforged Servitor     Conj/Summ      #.........   100%        7
 Summon Hydra             Summ           #.........   100%        7
 Statue Form              Tmut/Erth      Unusable     N/A         6

Dungeon Overview and Level Annotations

Branches:
Dungeon (15/15)            Temple (1/1) D:5            Lair (6/6) D:8
 Shoals (3/4) Lair:3       Spider (0/4) Lair:2        Slime (0/5) Lair:6
    Orc (2/2) D:9             Elf (0/3) Orc:2        Vaults (0/5) D:14
 Depths (0/5) D:15          IceCv (visited)         Volcano (visited)

Altars:
Ashenzari
Cheibriados
Dithmenos
Elyvilon
Fedhas
Gozag
Hepliaklqana
Kikubaaqudgha
Makhleb
Nemelex Xobeh
Okawaru
Qazlal
Ru
Sif Muna
Trog
Uskayaw
Vehumet
Wu Jian
Xom
Yredelemnul
Zin
The Shining One
Beogh
Jiyva

Shops:
Orc:2 ?([(*


Innate Abilities, Weirdness & Mutations

You are resistant to torment.
Your stone body is resilient. (AC +12)
You are immune to poison.
Your large and strong wings let you fly indefinitely.
You resist negative energy. (rN+)
You are resistant to electric shocks. (rElec)
You can survive without breathing.
You are immune to petrification.
You are immune to rotting.


Message History

You are confused.
You feel invigorated. The tentacle slaps you. The tentacle slaps you!
* * * LOW HITPOINT WARNING * * *
The tentacle slaps you but does no damage.
The tentacle misses you. The tentacle closely misses you.
The tentacle misses you.
The kraken squirts a massive cloud of ink into the water!
The tentacle slaps you but does no damage.
The tentacle closely misses you.
You bludgeon the tentacle!! You burn the tentacle.
The tentacle is heavily wounded.
The tentacle completely misses you. The tentacle misses you.
The kraken bites you!!
* * * LOW HITPOINT WARNING * * *
The tentacle closely misses you. The tentacle slaps you.
* * * LOW HITPOINT WARNING * * *
You thump the kraken! You burn the kraken.
The kraken is almost dead.
The tentacle slaps you!
You die...

≈
≈≈≈≈≈≈≈≈≈≈≈≈≈≈≈≈≈≈≈≈≈≈≈≈≈≈≈≈≈≈
≈≈≈≈≈≈≈≈≈≈≈≈≈≈≈≈≈≈≈≈≈≈≈≈≈≈≈≈≈≈≈
≈≈≈≈≈≈≈≈≈≈≈≈≈≈≈≈≈≈≈≈≈≈≈≈≈≈≈≈≈≈≈
≈
≈≈≈≈≈≈≈≈≈≈≈≈≈≈≈≈≈≈≈≈≈≈≈≈≈≈≈≈≈≈≈
≈
≈≈≈≈≈≈≈≈≈≈≈≈≈≈≈≈≈≈≈≈≈≈≈≈≈≈≈≈≈≈
≈
≈≈≈≈≈≈≈≈≈≈≈≈≈≈≈≈≈≈≈≈≈≈≈≈≈≈≈≈≈≈
≈≈
≈≈≈≈≈≈≈≈≈≈≈§§§§≈≈≈≈≈≈≈≈≈≈≈≈≈≈≈
≈ ≈≈≈≈≈≈≈≈≈≈§ww§§≈≈≈≈≈≈≈≈≈≈≈≈≈≈
≈ ≈≈≈≈
≈≈≈≈≈≈§X@§§≈≈≈≈≈≈≈≈≈≈≈≈≈≈ ≈ ≈≈≈
≈≈≈≈≈§w§w§≈≈≈≈≈≈≈≈≈≈≈≈≈≈ ≈ ≈ ≈≈
≈≈≈≈≈≈§§§§§≈≈≈≈≈≈≈≈≈≈≈≈≈≈ ≈≈ ≈
≈ ≈≈≈≈≈≈≈≈≈≈≈≈≈≈≈≈≈≈≈≈≈≈≈≈ ≈ ≈≈
≈≈########################


You could see a kraken and 4 tentacles.

Vanquished Creatures
  Saint Roka (Orc:2)
  2 orc warlords
  2 dire elephants (Lair:2)
  4 merfolk impalers
  Josephine (Lair:5)
  Erolcha (Orc:2)
  Harold (Lair:1)
  5 hydras
  2 ice dragons (IceCv)
  A vault guard (D:14)
  3 merfolk avatars
  4 merfolk aquamancers
  A death knight (D:15)
  2 alligators (Lair:5)
  A satyr (Shoals:2)
  2 ogre magi
  2 two-headed ogres
  Erica (D:10)
  A tengu warrior (D:13)
  Urug (Lair:4)
  6 death yaks
  2 orc high priests (Orc:2)
  A hell knight (Volcano)
  Sonja (Lair:4)
  A skeletal warrior (D:15)
  8 sea snakes
  2 swamp dragons (Lair:5)
  An unseen horror (D:14)
  A flayed ghost (D:15)
  A deep elf archer (D:14)
  A wolf spider zombie (D:14)
  Pikel (D:3)
  A phantasmal warrior (D:15)
  5 harpies (Shoals:3)
  6 orc knights
  A necromancer (D:15)
  5 orc sorcerers
  A tengu zombie (D:15)
  8 ugly things
  A fire giant zombie (D:15)
  14 fauns
  An orb spider (Lair:2)
  8 manticores
  5 cyclopes
  2 ice statues (IceCv)
  4 black mambas
  16 elephants
  A smoke demon (Volcano)
  5 water nymphs
  9 merfolk sirens
  A naga mage (D:9)
  14 cane toads
  2 molten gargoyles (Volcano)
  2 gargoyles
  10 komodo dragons
  A yaktaur (D:14)
  9 rime drakes
  2 freezing wraiths
  2 red devils (Volcano)
  2 wind drakes
  12 merfolk
  A tengu conjurer (D:13)
  5 harpy zombies (Shoals:1)
  9 trolls
  A jumping spider (shapeshifter) (D:12)
  A queen bee (Lair:3)
  4 polar bears
  3 meliai (D:14)
  3 snapping turtles
  17 blink frogs
  A meliai zombie (D:13)
  13 slime creatures
  10 hippogriffs
  3 dream sheep (Shoals:2)
  A shadow (D:14)
  An ice dragon skeleton (D:15)
  Sigmund (D:4)
  16 water elementals
  A vampire (D:14)
  5 wraiths
  9 wyverns
  60 yaks
  2 fire bats (Volcano)
  2 steam dragons
  A human (D:14)
  5 basilisks
  7 wargs (Orc:2)
  A vampire mosquito (D:12)
  Edmund (D:5)
  4 swamp worms (Lair:5)
  A soldier ant (shapeshifter) (D:15)
  A soldier ant (D:12)
  13 porcupines
  2 hell hounds (Lair:2)
  14 water moccasins
  A black bear (D:10)
  A hornet zombie (D:8)
  38 orc warriors
  5 sky beasts
  17 ice beasts
  2 phantoms
  4 eyes of draining
  3 necrophages
  12 ogres
  3 boggarts (D:14)
  14 wolves
  A lemure (D:3)
  11 centaurs
  A big kobold (D:12)
  13 crocodiles
  20 bullfrogs
  A yaktaur zombie (D:15)
  A hornet simulacrum (D:12)
  6 scorpions
  37 killer bees
  A troll skeleton (D:9)
  24 wights
  A howler monkey (D:8)
  4 lava snakes (Volcano)
  3 electric eels
  A bullfrog zombie (D:12)
  2 centaur zombies
  A quasit (D:7)
  6 human zombies (D:9)
  6 centaur skeletons
  16 orc priests
  A gnoll shaman (D:7)
  7 jellies
  2 bullfrog skeletons
  3 iguanas
  A human skeleton (D:9)
  10 worker ants
  5 hell rats (Lair:6)
  35 orc wizards
  A killer bee zombie (D:5)
  A hound zombie (D:9)
  2 hound skeletons
  A mummy (D:9)
  A howler monkey zombie (D:8)
  9 gnolls
  10 adders
  3 white imps
  An ufetubus (D:3)
  2 oozes
  A worm (D:2)
  2 dart slugs
  5 leopard geckos
  141 orcs
  A ball python (D:1)
  6 giant cockroaches
  7 goblins
  12 hobgoblins
  5 jackals
  12 kobolds
  4 quokkas
  8 bats
  4 frilled lizards
  A jackal skeleton (D:4)
  2 orc zombies (D:9)
  9 rats
  A tentacle (Shoals:3)
1005 creatures vanquished.

Vanquished Creatures (collateral kills)
  2 skeletal warriors (D:15)
  A centaur skeleton (D:15)
  A kobold demonologist (D:15)
  A wraith (D:15)
  A centaur (D:15)
  An orc (D:15)
7 creatures vanquished.

Vanquished Creatures (others)
  An orc sorcerer (Orc:2)
  A faun (Shoals:2)
  4 orc warriors (Orc:2)
  An orc priest (Orc:2)
  2 orcs (Orc:2)
  A bush (Lair:6)
  38 fungi
  120 plants
  A tentacle (Shoals:3)
  12 toadstools (Lair:2)
  4 withered plants (D:15)
185 creatures vanquished.

Grand Total: 1197 creatures vanquished

Notes
Turn   | Place    | Note
-------+----------+-------------------------------------------
     0 | D:1      | Borgoz the Gargoyle Fighter began the quest for the Orb.
     0 | D:1      | Reached XP level 1. HP: 14/14 MP: 1/1
   213 | D:1      | Reached XP level 2. HP: 19/19 MP: 2/2
   467 | D:1      | Reached XP level 3. HP: 20/23 MP: 3/3
  1402 | D:2      | Reached XP level 4. HP: 18/29 MP: 4/4
  2532 | D:3      | Reached XP level 5. HP: 31/33 MP: 5/5
  2688 | D:3      | Found a hazy altar of Hepliaklqana.
  2692 | D:3      | Found a shimmering altar of Xom.
  2703 | D:3      | HP: 1/33 [orc priest/divine providence (12)]
  2706 | D:3      | Found a sparkling altar of Nemelex Xobeh.
  3528 | D:4      | Noticed Sigmund
  3529 | D:4      | Noticed a lemure
  3530 | D:4      | Noticed a lemure
  3794 | D:3      | Killed a lemure
  3897 | D:4      | Noticed a lemure
  3905 | D:3      | Reached XP level 6. HP: 20/39 MP: 6/6
  4092 | D:4      | Noticed Pikel
  4154 | D:3      | Killed Pikel
  4154 | D:3      | Reached skill level 5 in Fighting
  4154 | D:3      | Reached skill level 5 in Armour
  4154 | D:3      | Reached skill level 5 in Shields
  4154 | D:3      | Reached XP level 7. HP: 30/44 MP: 7/7
  4370 | D:5      | Entered Level 5 of the Dungeon
  4384 | D:5      | Noticed Edmund
  4415 | D:5      | Killed Edmund
  4415 | D:5      | Reached XP level 8. HP: 45/51 MP: 8/8
  4540 | D:5      | Reached skill level 5 in Maces & Flails
  5156 | D:5      | Found a staircase to the Ecumenical Temple.
  5203 | Temple   | Entered the Ecumenical Temple
  6119 | D:4      | Killed Sigmund
  6674 | D:6      | Reached XP level 9. HP: 26/56 MP: 9/9
  6693 | D:5      | Got a spiked leather armour
  6704 | D:5      | Identified the +2 leather armour of Cucrecko {Str+2} (You
                  | found it on level 5 of the Dungeon)
  6896 | D:6      | Found a shadowy altar of Dithmenos.
  7649 | Temple   | Became a worshipper of Ashenzari the Shackled
  7933 | D:7      | Found an iron altar of Okawaru.
  8470 | D:8      | Noticed a two-headed ogre
  8483 | D:8      | Killed a two-headed ogre
  8641 | D:8      | Reached XP level 10. HP: 60/64 MP: 10/10
  8789 | D:8      | Found a staircase to the Lair.
  9553 | D:9      | Reached * piety under Ashenzari
  9610 | D:9      | Noticed a naga mage
  9620 | D:9      | Killed a naga mage
 10106 | D:9      | Reached XP level 11. HP: 71/71 MP: 11/11
 10148 | D:9      | Found a staircase to the Orcish Mines.
 10335 | D:9      | Reached skill level 1 in Dodging
 10809 | D:9      | Found an ancient bone altar of Kikubaaqudgha.
 11119 | D:10     | Entered Level 10 of the Dungeon
 11250 | D:10     | Reached skill level 10 in Armour
 11421 | D:10     | Noticed Erica
 11426 | D:10     | Reached skill level 10 in Shields
 11445 | D:10     | Killed Erica
 11445 | D:10     | Reached skill level 10 in Fighting
 11727 | D:10     | Identified the ring "Jiuviso" {+Blink rPois rF+ rC+ EV+4}
 11900 | D:10     | Found a stormy altar of Qazlal.
 12032 | D:10     | Reached ** piety under Ashenzari
 12228 | D:11     | Noticed a manticore
 12230 | D:11     | Noticed a five-headed hydra
 12241 | D:11     | Killed a manticore
 12249 | D:11     | Killed a five-headed hydra
 12249 | D:11     | Reached skill level 1 in Evocations
 12491 | D:11     | Noticed a six-headed hydra
 12502 | D:11     | Killed a six-headed hydra
 12825 | D:11     | Noticed a two-headed ogre
 12842 | D:11     | Killed a two-headed ogre
 12842 | D:11     | Reached XP level 12. HP: 45/78 MP: 12/12
 14080 | D:12     | Got the uncursed pair of boots of Rahof {rN++}
 14091 | D:12     | Identified the +1 pair of boots of Rahof {rN++} (You found
                  | it on level 12 of the Dungeon)
 14380 | D:12     | Reached skill level 10 in Maces & Flails
 14435 | D:12     | Identified the ring "Torusk" {MR++ EV+4 Int+4 Stlth-}
 14435 | D:12     | Noticed an ogre mage
 14756 | D:12     | Killed an ogre mage
 15897 | D:13     | Reached XP level 13. HP: 67/84 MP: 13/13
 15995 | D:13     | Reached *** piety under Ashenzari
 16181 | D:13     | Reached skill level 5 in Dodging
 16796 | Lair:1   | Entered Level 1 of the Lair of Beasts
 16796 | Lair:1   | Noticed Harold
 16812 | Lair:1   | Killed Harold
 17973 | Lair:2   | Found a dark tunnel.
 18022 | Volcano  | Entered a volcano
 18594 | Volcano  | Reached **** piety under Ashenzari
 18601 | Volcano  | Found a bloodstained altar of Trog.
 19157 | Lair:2   | Found a hole to the Spider Nest.
 19226 | Lair:2   | Reached skill level 5 in Evocations
 19362 | Lair:2   | Identified the +2 leather armour of Hepliaklqana's Hope
                  | {+Blink rC+ Int+3}
 19555 | Lair:2   | Identified the ring of Jiollecs {+Fly Str+5 Dex-5}
 19838 | Lair:2   | Noticed a dire elephant
 19838 | Lair:2   | Noticed a dire elephant
 19839 | Lair:2   | Identified the cursed +0 scale mail of Henotheism {*Contam
                  | rElec Str+4}
 19869 | Lair:2   | Found a runed translucent door.
 20630 | Lair:3   | Gained mutation: Your large and strong wings let you fly
                  | indefinitely. [Gargoyle growth]
 20630 | Lair:3   | Reached XP level 14. HP: 65/92 MP: 14/14
 20980 | Lair:3   | Identified the +2 morningstar of the Dungeon {distort, rF+}
 21097 | Lair:3   | Identified a scroll of acquirement
 21108 | Lair:3   | Acquired the cursed +8 whip "Snakebite" {curare, rPois}
 21109 | Lair:3   | Found the cursed +8 whip "Snakebite" {curare, rPois}
 21257 | Lair:3   | Found a staircase to the Shoals.
 21371 | Lair:4   | Found a frozen archway.
 21391 | IceCv    | Entered an ice cave
 21959 | IceCv    | Identified the amulet of Aklucoll {RegenMP rF+ MP+9 Dex+3}
 22850 | Lair:4   | Identified the cursed +0 leather armour of Heyniz {*Slow
                  | rC+ Int+2}
 23161 | Lair:4   | Noticed Sonja
 23175 | Lair:4   | Killed Sonja
 23212 | Lair:4   | Noticed Urug
 23226 | Lair:4   | Killed Urug
 23411 | Lair:5   | Noticed Josephine
 23427 | Lair:5   | Killed Josephine
 23881 | Lair:5   | Reached ***** piety under Ashenzari
 24831 | Lair:6   | Entered Level 6 of the Lair of Beasts
 24846 | Lair:5   | Reached XP level 15. HP: 99/99 MP: 15/15
 25511 | Lair:6   | Found a staircase to the Slime Pits.
 25512 | Lair:6   | Found a viscous altar of Jiyva.
 26422 | Lair:2   | Identified Sif Muna's Papyrus of Congealing Creation
 27777 | D:14     | Found a gate to the Vaults.
 27887 | D:15     | Entered Level 15 of the Dungeon
 27931 | D:15     | Found a staircase to the Depths.
 27947 | D:15     | Reached XP level 16. HP: 76/107 MP: 12/16
 29037 | Orc:1    | Entered Level 1 of the Orcish Mines
 29694 | Orc:2    | Entered Level 2 of the Orcish Mines
 29984 | Orc:2    | Found Hiqar's Magic Scroll Shop.
 29992 | Orc:2    | Bought a scroll of teleportation for 36 gold pieces
 29992 | Orc:2    | Bought a scroll of remove curse for 36 gold pieces
 30176 | Orc:2    | Found a roughly hewn altar of Beogh.
 30181 | Orc:2    | Found Jorghag's Weapon Emporium.
 30194 | Orc:2    | Reached skill level 15 in Shields
 30253 | Orc:2    | Found a roughly hewn altar of Beogh.
 30346 | Orc:2    | Reached ****** piety under Ashenzari
 30374 | Orc:2    | Noticed Saint Roka
 30411 | Orc:2    | Found a staircase to the Elven Halls.
 30774 | Orc:2    | Killed Saint Roka
 30774 | Orc:2    | Reached skill level 15 in Fighting
 31042 | Orc:2    | Found a roughly hewn altar of Beogh.
 31042 | Orc:2    | Found Neiciow's Antique Weapon Emporium.
 31320 | Orc:2    | Noticed Erolcha
 31329 | Orc:2    | Killed Erolcha
 31450 | Orc:2    | Found a roughly hewn altar of Beogh.
 31469 | Orc:2    | Found Licsimm's General Store.
 31486 | Orc:2    | Bought a potion of might for 48 gold pieces
 31508 | Orc:2    | Found a roughly hewn altar of Beogh.
 31544 | Orc:2    | Found a roughly hewn altar of Beogh.
 31685 | Orc:2    | Found Gah Ejyrph's Antique Armour Shoppe.
 31802 | Orc:2    | Found a roughly hewn altar of Beogh.
 31992 | Orc:2    | Bought a glowing cloak for 187 gold pieces
 31992 | Orc:2    | Bought a slimy ring mail for 225 gold pieces
 31992 | Orc:2    | Identified the +0 ring mail "Juxuoku" {Str+4 Int+4} (You
                  | bought it in a shop on level 2 of the Orcish Mines)
 32031 | Orc:2    | Bought a scroll of identify for 24 gold pieces
 32031 | Orc:2    | Bought a scroll of identify for 24 gold pieces
 32191 | Shoals:1 | Entered Level 1 of the Shoals
 32242 | Shoals:1 | Reached skill level 15 in Armour
 33775 | Shoals:2 | Reached XP level 17. HP: 100/113 MP: 17/17
 35808 | Shoals:3 | Noticed a kraken
 35830 | Shoals:3 | Slain by a tentacle

Illustrated notes

Levels and vault maps discovered:
D:1:      mrwooster_arrival_statue_3, layout_basic
D:2:      layout_basic, chequers_serial_rivers_large_a
D:3:      layout_loops_ring, minmay_overflow_temple_star_quad,
          guppyfry_early_orc_mine
D:4:      layout_cave_pools, uniq_sigmund, uniq_pikel
D:5:      layout_layer_cave, minmay_temple_entry_ruins,
          minmay_misc_feat_more_columns, hangedman_decor_points, uniq_edmund
D:6:      layout_rooms, lemuel_round_altar
D:7:      layout_basic, okawaru_altar_gauntlet_db
D:8:      layout_cave_pods, minmay_lair_entry_grove, serial_column_ruins,
          column_ruins_hut_water, column_ruins_hut_ruined,
          column_ruins_open_medium, column_ruins_grid_1, column_ruins_grid_1,
          column_ruins_columns_straight, column_ruins_open_medium
D:9:      wad_woods_tower, layout_basic, lemuel_mausoleum_altar_kikubaaqudgha,
          hiddenorc1_lemuel, minmay_librarian
D:10:     layout_stronghold, st_stairs_4, nicolae_qazlal_general_emergency,
          uniq_erica
D:11:     layout_loops_corners
D:12:     minmay_the_grid_triangle_9x9_recursive_2
          [minmay_the_grid_triangle_9x9_prize_schism,
          minmay_the_grid_triangle_9x9_stretched_checkered,
          minmay_the_grid_triangle_9x9_skeleton,
          minmay_the_grid_triangle_9x9_sprig], layout_layer_cave, st_stairs_3,
          kennysheep_potato
D:13:     layout_irregular_city, minmay_tree_intersection, kennysheep_dice
D:14:     layout_loops_cross, grunt_vaults_entry_fortified,
          hangedman_abyss_or_decor_slice
D:15:     gammafunk_depths_entry_grave, layout_cave_pools,
          hangedman_abyss_or_decor_stabs
Temple:   nicolae_temple_elliptical
Lair:1:   wander_river, layout_small_grid, uniq_harold
Lair:2:   gammafunk_lair_enchanted_lake, layout_small_grid,
          nicolae_spider_entry_orb_guardian, enter_volcano_3,
          nicolae_lair_grove_arrangements, serial_bayou_pond_d,
          serial_bayou_shore_a
Lair:3:   layout_roguey [special_room_bee], minmay_shoals_entry_lonely_mermaid,
          serial_rivers, chequers_serial_rivers_small_b,
          chequers_serial_rivers_large_b, chequers_serial_rivers_marsh,
          chequers_serial_rivers_micro_a
Lair:4:   layout_big_grid, portal_ice_cave_rime, beast_lair_carwin_11,
          uniq_urug, uniq_sonja
Lair:5:   onia_ninara_swampy_vault, layout_regular_city, lemuel_fruit_tree,
          uniq_josephine
Lair:6:   gammafunk_lair_ancient_temple, layout_loops_ring, slime_altar_1
Shoals:1: layout_shoals, nicolae_shoals_undead_eyrie
Shoals:2: layout_shoals
Shoals:3: layout_shoals
Orc:1:    layout_caves, nicolae_orc_damp_corner
Orc:2:    grunt_orc_community_town_hall, layout_caves,
          grunt_orc_community_big_house_1, grunt_orc_community_big_house_2,
          grunt_orc_community_house_2, grunt_orc_community_house_2,
          grunt_orc_community_house_1, grunt_orc_community_house_3,
          serial_shops, shop, statue_in_the_mist_lemuel, nooodl_orcs_dogs,
          uniq_saint_roka, uniq_erolcha

Skill      XL: |  1  2  3  4  5  6  7  8  9 10 11 12 13 14 15 16 17 |
---------------+----------------------------------------------------+-----
Armour         | 4 5 7 8 9 10 11 13 14 15 | 15.6
Fighting       | 4 5 6 8 9 10 11 12 13 14 15 | 15.9
Shields        | 4 5 6 8 9 10 11 12 13 14 15 | 15.9
Maces & Flails | 3 4 5 7 8 9 10 11 12 13 14 | 14.7
Dodging        | 3 4 6 7 |  7.0
Evocations     | 2 4 5 |  5.1

Action                   |  1- 3 |  4- 6 |  7- 9 | 10-12 | 13-15 | 16-18 || total
-------------------------+-------+-------+-------+-------+-------+-------++-------
Melee: Flail             |   132 |   306 |   351 |   887 |   592 |  1106 ||  3374
       Whip              |       |       |       |       |  1276 |   175 ||  1451
Throw: Boomerang         |       |       |     1 |     1 |       |       ||     2
       Throwing net      |       |       |     1 |     1 |     3 |       ||     5
Invok: Curse Item        |       |       |     1 |     1 |     3 |     1 ||     6
 Abil: Fly               |       |       |       |       |     1 |       ||     1
Evoke: Wand              |       |       |       |     8 |       |     2 ||    10
  Use: Potion            |       |     4 |     1 |     5 |     3 |    10 ||    23
       Scroll            |       |     2 |    11 |     8 |    15 |    13 ||    49
 Stab: Paralysed         |       |       |       |     6 |       |       ||     6
       Held in net/web   |       |       |       |       |     1 |       ||     1
       Invisible         |       |       |       |       |       |     6 ||     6
       Distracted        |       |       |       |       |       |     2 ||     2
       Petrifying        |       |       |       |       |       |     2 ||     2
Armor: Scale mail        |   102 |    95 |       |       |       |       ||   197
       Chain mail        |       |    55 |   198 |    91 |   560 |   468 ||  1372
       Leather armour    |       |       |       |   163 |    66 |       ||   229
Dodge: Dodged            |    45 |    64 |    68 |   288 |   639 |   636 ||  1740
Block: Kite shield       |    89 |   303 |   333 |   739 |  1224 |   953 ||  3641
       Reflection        |       |     9 |    14 |    18 |    12 |       ||    53

Table legend: (Time is in decaauts)
 A = Elapsed time spent in this place.
 B = Non-inter-level travel time spent in this place.
 C = Inter-level travel time spent in this place.
 D = Time resting spent in this place.
 E = Time spent auto-exploring this place.
 F = Levels seen in this place.
 G = Mean time per level.
                   A        B        C        D        E       F      G
               +--------+--------+--------+--------+--------+-----+--------+
         Total |  35102 |  33124 |   1978 |   7219 |  18519 |  29 | 1210.4 |
       Dungeon |  18798 |  17763 |   1035 |   3701 |  10298 |  15 | 1253.2 |
        Temple |    269 |    182 |     87 |      0 |    120 |   1 |  269.0 |
          Lair |   7460 |   6815 |    645 |   1237 |   3988 |   6 | 1243.3 |
        Shoals |   3558 |   3503 |     55 |    999 |   1707 |   3 | 1186.0 |
  Orcish Mines |   2868 |   2713 |    155 |    650 |   1273 |   2 | 1434.0 |
      Ice Cave |   1171 |   1171 |      0 |    459 |    514 |   1 | 1171.0 |
       Volcano |    976 |    976 |      0 |    172 |    618 |   1 |  976.0 |
               +--------+--------+--------+--------+--------+-----+--------+

Top non-repeatable levels by time:
    D:12: 2221 daAuts
  Lair:2: 1979 daAuts
     D:3: 1846 daAuts
   Orc:2: 1823 daAuts
     D:9: 1653 daAuts
     D:5: 1647 daAuts
Shoals:1: 1468 daAuts
Shoals:2: 1436 daAuts
  Lair:1: 1420 daAuts
    D:11: 1337 daAuts
     D:2: 1234 daAuts
     D:1: 1208 daAuts
   IceCv: 1171 daAuts
    D:13: 1171 daAuts
     D:8: 1147 daAuts
